cohdb
Replays
Latest Replays
All Replays
Popular Replays
Top Player Replays
Match Explorer
How It Works
Community
CoH3 Stats
Reddit
Sign in to upload your games and track your stats! →
Sign in with Steam
Match 39845846
Unlisted
Match 39845846
Overview
Messages
Build Orders
End
Panzergrenadier Squad
Selects Panzerjäger Kommand Battlegroup
Selects Mine Fields
Panzergrenadier Squad
Panzergrenadier Squad
Construct Light Support Kompanie
Selects Tank Busters
2.5-tonne Medical Truck
Fire Support Elements
Veteran Squad Leaders
Selects Defensive Positions
Flakvierling Half-track
Vehicle Survival Package
Panzerjäger Squad
Construct Panzerarmee Kommand
Tungsten Core Ammunition
Panzer III L Medium Tank
Selects Crew Shock Tactics
Emergency Repair Kits
Panzer III L Medium Tank
Walking Stuka Rocket Launcher
Selects Elefant Tank Destroyer
Selects Butterfly Bomb Drop
Walking Stuka Rocket Launcher
Pan1kss
Lancicek
Microsoft Outlook
deadsadbadmad
0
0
Comments
sign in to comment!
No comments posted yet!